 Dungeon Crawl Stone Soup version 0.18-a0-1526-gcb34c7c (webtiles) character file.

59 dvd the Gusty (level 4, -2/24 HPs)
             Began as a Tengu Air Elementalist on Mar 8, 2016.
             Slain by Crazy Yiuf
             ... wielding a +2 quarterstaff of chaos
              (14 damage)
             ... on level 2 of the Dungeon.
             The game lasted 00:04:02 (1303 turns).

dvd the Gusty (Tengu Air Elementalist)              Turns: 1303, Time: 00:04:02

Health: -2/24      AC:  2    Str:  9    XL:     4   Next: 3%
Magic:  0/8        EV: 12    Int: 16    God:
Gold:   80         SH:  0    Dex: 14    Spells: 2 memorised, 4 levels left

rFire  . . .     SeeInvis .     i - +0 short sword
rCold  . . .     Gourm    .     a - +0 robe
rNeg   . . .     Faith    .     (no shield)
rPois  .         Spirit   .     (helmet restricted)
rElec  .         Dismiss  .     (no cloak)
rCorr  .         Reflect  .     (no gloves)
SustAt .         Harm     .     (boots unavailable)
MR     .....                    (no amulet)
Stlth  ++........               (no ring)
                                (no ring)

@: repel missiles, not resistant to hostile enchantments, unstealthy
A: beak, talons 3
a: no special abilities


You were on level 2 of the Dungeon.
You were not hungry.

You visited 1 branch of the dungeon, and saw 2 of its levels.

You collected 80 gold pieces.

Inventory:

Hand Weapons
 i - a +0 short sword (weapon)
Armour
 a - a +0 robe (worn)
Scrolls
 d - a scroll of teleportation {unknown}
 g - 2 scrolls of blinking {unknown}
 k - a scroll of recharging {unknown}
Potions
 e - 2 potions of invisibility {unknown}
 f - a potion of flight {unknown}
 h - a potion of haste {unknown}
 l - a potion of curing {unknown}
 m - a potion of ambrosia {unknown}
Books
 b - a book of Air

   Spells                             Type                      Level
   a - Shock                          Conjuration/Air              1
   b - Swiftness                      Charms/Air                   2
   c - Repel Missiles                 Charms/Air                   2
   d - Static Discharge               Conjuration/Air              3
   e - Lightning Bolt                 Conjuration/Air              5
Comestibles
 c - 2 bread rations
 j - a chunk of flesh


   Skills:
 + Level 0.4 Fighting
 + Level 2.3 Dodging
 + Level 2.2 Stealth
 + Level 2.3 Spellcasting
 + Level 2.0 Conjurations
 + Level 5.4 Air Magic


You had 4 spell levels left.
You knew the following spells:

 Your Spells              Type           Power        Failure   Level  Hunger
a - Shock                 Conj/Air       ##..         6%          1    #......
b - Repel Missiles        Chrm/Air       ##....       12%         2    ###....


Dungeon Overview and Level Annotations

Branches:
Dungeon (2/15)

Altars:

Annotations:
D:2 Crazy Yiuf


Innate Abilities, Weirdness & Mutations

You have a beak for a mouth.
You have claws for feet.


Message History

Unknown command.
Crazy Yiuf zaps a wand.
The puff of flame is repelled.
Crazy Yiuf zaps a wand.
The puff of flame misses you.
Crazy Yiuf laughs, "Scoff shoe high!"
You see here a dagger.
Crazy Yiuf zaps a wand.
The puff of flame is repelled.
Casting: Shock
Confirm with . or Enter, or press ? or * to list all spells.
Aiming: Shock
Press: ? - help, Shift-Dir - straight line, f/p - Crazy Yiuf
Aim: Crazy Yiuf, wielding a quarterstaff of chaos, wearing a cloak and carrying a wand of flame {zapped: 4} (almost dead, unusually agile)
The zap hits Crazy Yiuf.
Crazy Yiuf appears unharmed.
Crazy Yiuf is almost dead.
Crazy Yiuf zaps a wand.
The puff of flame is repelled.
You see here a dagger.
You hit Crazy Yiuf but do no damage. You claw Crazy Yiuf, but do no damage.
Crazy Yiuf is almost dead.
Crazy Yiuf hits you with a quarterstaff of chaos!
Ouch! That really hurt!
You die...

#.....## ###..
#......###....
#......)...##.
#......######. ##........
## ♣♣♣♣♣##......... .. ###
♣♣♣.♣.P..#........ #..
#...#♣g.♣g.P...............
#.....♣♣♣♣@P......#...#....
#)..#♣♣ ♣♣..[....#...#....
### ♣♣##....# ..# #....# ##
#.......# #.......<.>
#........... ..#...##..##.
...#...# #..#


You could see Crazy Yiuf.

Vanquished Creatures
  An adder (D:2)
  2 oozes (D:1)
  A worm (D:2)
  A dart slug (D:1)
  3 giant cockroaches (D:1)
  A goblin (D:2)
  9 hobgoblins
  2 jackals (D:2)
  4 kobolds
  2 bats (D:1)
  2 giant newts
  6 rats
  A fungus (D:2)
35 creatures vanquished.

Notes
Turn   | Place    | Note
--------------------------------------------------------------
     0 | D:1      | dvd the Tengu Air Elementalist began the quest for the Orb.
     0 | D:1      | Reached XP level 1. HP: 10/10 MP: 4/4
   287 | D:1      | Reached XP level 2. HP: 15/15 MP: 3/6
   322 | D:1      | Learned a level 2 spell: Repel Missiles
   679 | D:1      | Reached skill level 5 in Air Magic
   679 | D:1      | Reached XP level 3. HP: 16/19 MP: 4/7
  1231 | D:2      | Reached XP level 4. HP: 24/24 MP: 5/8
  1284 | D:2      | Noticed Crazy Yiuf
  1303 | D:2      | Slain by Crazy Yiuf

Vault maps used:
D:1:      dpeg_arrival_rhombi
D:2:      uniq_crazy_yiuf_cottage

Skill      XL: |  1  2  3  4 |
---------------+-------------+-----
Air Magic      | 5 |  5.4
Conjurations   | 2 |  2.0
Fighting       | |  0.4
Dodging        | |  2.3
Stealth        | |  2.2
Spellcasting   | |  2.3

Action                   |  1- 3 |  4- 6 || total
-------------------------+-------+-------++-------
Melee: Unarmed           |    15 |       ||    15
       Short sword       |    28 |    24 ||    52
 Cast: Shock             |    45 |    11 ||    56
       Repel Missiles    |     1 |       ||     1
 Stab: Sleeping          |     1 |       ||     1
  Eat: Chunk             |     2 |       ||     2
